 Dungeon Crawl Stone Soup version 0.29-a0-82-g837932c90e (webtiles) character file.

Game seed: 13732627123648056042

1 dmks the Magician (level 1, 0/15 HPs)
             Began as a Djinni Fire Elementalist on Feb 5, 2022.
             Slain by a jackal (2 damage)
             ... on level 1 of the Dungeon.
             The game lasted 00:01:06 (60 turns).

dmks the Magician (Djinni Fire Elementalist)          Turns: 60, Time: 00:01:07

Health: 0/15       AC:  2    Str:  7    XL:     1   Next: 22%
Gold:   11         EV: 12    Int: 16    God:
                   SH:  0    Dex: 13

rFire   + + .      SeeInvis .   (no weapon)
rCold   x . .      Faith    .   (no shield)
rNeg    . . .      Spirit   .   a - +0 robe
rPois   ∞          Reflect  .   (no helmet)
rElec   .          Harm     .   (no cloak)
rCorr   .          Rampage  .   (no gloves)
Will    .....                   (boots unavailable)
Stlth   ++........              (no amulet)
HPRegen 0.05/turn               (no ring)
MPRegen 0.00/turn               (no ring)

@: flying
A: sickness immunity, fire resistance 2, cold vulnerability 1, float, innate
caster, HP casting, extra vitality 1
a: no special abilities


You were on level 1 of the Dungeon.
You visited 1 branch of the dungeon, and saw 1 of its levels.

You collected 11 gold pieces.

Inventory:

Armour
 a - a +0 robe (worn)


   Skills:
 + Level 2.2 Dodging
 + Level 1.6 Stealth
 * Level 2.4 Spellcasting


You couldn't memorise any spells.
You knew the following spells:

 Your Spells              Type           Power      Damage    Failure   Level
a - Foxfire               Conj/Fire      36%        2x1d5     8%          1
b - Scorch                Fire           18%        2d5       11%         2
c - Inner Flame           Hex/Fire       9%         N/A       22%         3
d - Conjure Flame         Conj/Fire      9%         6-21      22%         3
e - Flame Wave            Conj/Fire      9%         2d5       58%         4
Your spell library was empty.

Dungeon Overview and Level Annotations

Branches:
Dungeon (1/15)

Altars:


Innate Abilities, Weirdness & Mutations

You are immune to sickness and miasma.
You are immune to poison.
Your flesh is very heat resistant. (rF++)
You are vulnerable to cold. (rC-)
You float through the air rather than walking.
You learn spells naturally, not from books.
Your magical power is your life essence.
You have superior vitality. (+4 MHP)


Message History

Found 11 gold pieces.
You now have 11 gold pieces.
As you open the door, it creaks loudly!
A jackal comes into view.
You hear a bark!
The jackal barks!
You hear a bark! x2
A jackal comes into view. x2
The jackal moves out of view.
Found 17 gold pieces.
There are monsters nearby!
You conjure some foxfire!
A jackal comes into view.
The foxfire hits the jackal.
You conjure some foxfire!
The foxfire hits the jackal.
You kill the jackal!
The jackal bites you but does no damage.
You don't know that spell.
You aren't experienced enough to cast this spell.
The jackal closely misses you.
You conjure some foxfire!
The jackal barely misses you.
The foxfire hits the jackal.
The foxfire hits the jackal but does no damage.
The jackal bites you but does no damage.
The jackal bites you.
You conjure some foxfire!
The jackal barely misses you. The jackal closely misses you.
The jackal bites you.
The jackal bites you but does no damage.
The foxfire hits the jackal.
The jackal bites you.
* * * LOW HITPOINT WARNING * * *
The jackal barely misses you. The jackal closely misses you.
The jackal bites you.
* * * LOW HITPOINT WARNING * * *
The jackal bites you but does no damage.
The jackal misses you. The jackal barely misses you.
The jackal closely misses you.
You conjure some foxfire!
* * * LOW HITPOINT WARNING * * *
The jackal closely misses you. The jackal bites you.
* * * LOW HITPOINT WARNING * * *
The jackal closely misses you.
You conjure some foxfire!
* * * LOW HITPOINT WARNING * * *
The jackal barely misses you. The jackal barely misses you.
The jackal bites you but does no damage.
You conjure some foxfire!
* * * LOW HITPOINT WARNING * * *
The jackal barely misses you. The jackal closely misses you.
The jackal bites you.
You die...

###.### +..<..+
######.#######
#.............#
####.#####.#### #
##.#####.## #$
#.........#
#..######.######
#..†......hhh@v+
.....#######.######
... #.# . #.# ###


You could see 3 jackals.

Vanquished Creatures
  A jackal (D:1)
1 creature vanquished.

Vanquished Creatures (others)
  6 foxfires (D:1)
6 creatures vanquished.

Grand Total: 7 creatures vanquished

Notes
Turn   | Place    | Note
-------+----------+-------------------------------------------
     0 | D:1      | dmks the Djinni Fire Elementalist began the quest for the
                  | Orb.
     0 | D:1      | Reached XP level 1. HP: 15/15 MP: 0/0
    60 | D:1      | Slain by a jackal

Illustrated notes

Levels and vault maps discovered:
D:1:      shiori_shiawase, layout_basic,
          dreamdust_ecumenical_altar_drowned_temple, kennysheep_small_spiral,
          minmay_misc_feat_columns

Action                   || total
-------------------------++-------
 Cast: Foxfire           ||     8
Armor: Robe              ||     5
Dodge: Dodged            ||    15

Table legend: (Time is in decaauts)
 A = Elapsed time spent in this place.
 B = Non-inter-level travel time spent in this place.
 C = Inter-level travel time spent in this place.
 D = Time resting spent in this place.
 E = Time spent auto-exploring this place.
 F = Levels seen in this place.
 G = Mean time per level.
                   A        B        C        D        E       F      G
               +--------+--------+--------+--------+--------+-----+--------+
         Total |     60 |     60 |      0 |     15 |     14 |   1 |   60.0 |
       Dungeon |     60 |     60 |      0 |     15 |     14 |   1 |   60.0 |
               +--------+--------+--------+--------+--------+-----+--------+

Top non-repeatable levels by time:
     D:1: 60 daAuts
